APL (24 & UNDER)
STATE COLLEGE SPIKES @ BEAVERTON BRONZE SOULS
07/29/2027
 
TOP OF THE 1ST
State College Spikes batting - Pitching for Beaverton Bronze Souls : RHP Terry Norris
Pitching: RHP Terry Norris
Batting: SHB Greg Butterfield 0-0: Called Strike
0-1: Ball
1-1: Ball
2-1: Ball
3-1: Called Strike
3-2: Ground out 4-3 (Groundball, 4)
Batting: RHB Blair Whitehead 0-0: Ball
1-0: SINGLE (Line Drive, 9LS)
Batting: RHB Matt Tucker 0-0: Ball
1-0: Called Strike
1-1: Grounds out, U3 (Groundball, 3L)
Batting: RHB Mike Ingram 0-0: Ball
1-0: Foul Ball, location: 2F
1-1: Fly out, F3 (Popup, 3L)
Top of the 1st over - 0 run(s), 1 hit(s), 0 error(s), 1 left on base; State College 0 - Beaverton 0
BOTTOM OF THE 1ST
Beaverton Bronze Souls batting - Pitching for State College Spikes : RHP Ron Crawford
Pitching: RHP Ron Crawford
Batting: LHB Joel Nelson 0-0: Ball
1-0: Foul Ball, location: 2F
1-1: Ground out 4-3 (Groundball, 4)
Batting: LHB Luis Aragón 0-0: Ball
1-0: Foul Ball, location: 2F
1-1: Ball
2-1: Called Strike
2-2: Strikes out swinging, 2-3 out at first.
Batting: RHB José Fernández 0-0: Ball
1-0: Called Strike
1-1: Foul Ball, location: 2F
1-2: Foul Ball, location: 2F
1-2: Foul Ball, location: 2F
1-2: Ball
2-2: Strikes out swinging
Bottom of the 1st over - 0 run(s), 0 hit(s), 0 error(s), 0 left on base; State College 0 - Beaverton 0
TOP OF THE 2ND
State College Spikes batting - Pitching for Beaverton Bronze Souls : RHP Terry Norris
Batting: RHB Eric Knight 0-0: Ball
1-0: Ball
2-0: Called Strike
2-1: Foul Ball, location: 2F
2-2: SINGLE (Flyball, 8RS)
Batting: SHB Thomas Simmons 0-0: 2-RUN HOME RUN (Flyball, 9D), Distance : 358 ft
Batting: RHB Joaquín Vásquez 0-0: Ball
1-0: Called Strike
1-1: Ball
2-1: Swinging Strike
2-2: Strikes out swinging
Batting: RHB Alonzo Herrera 0-0: Foul Ball, location: 2F
0-1: Called Strike
0-2: Ball
1-2: SOLO HOME RUN (Flyball, 7D), Distance : 381 ft
Batting: RHB Diego Benítez 0-0: Swinging Strike
0-1: Called Strike
0-2: Foul Ball, location: 2F
0-2: DOUBLE (Groundball, 5L)
Batting: SHB Greg Butterfield 0-0: Swinging Strike
0-1: Called Strike
0-2: Ball
1-2: Ball
2-2: Strikes out swinging
Batting: RHB Blair Whitehead 0-0: DOUBLE (Flyball, 9LM)
Diego Benítez scores
Batting: RHB Matt Tucker 0-0: Ball
1-0: Called Strike
1-1: Ground out 6-3 (Groundball, 6)
Top of the 2nd over - 4 run(s), 5 hit(s), 0 error(s), 1 left on base; State College 4 - Beaverton 0
BOTTOM OF THE 2ND
Beaverton Bronze Souls batting - Pitching for State College Spikes : RHP Ron Crawford
Batting: RHB Tom Hughes 0-0: Called Strike
0-1: Swinging Strike
0-2: Ball
1-2: Fly out, F8 (Line Drive, 78M)
Batting: RHB David Kerr 0-0: Called Strike
0-1: Ball
1-1: Foul Ball, location: 2F
1-2: Ball
2-2: Ball
3-2: Reached on error, E3 (Groundball, 34)
Batting: RHB Carlos Guevara 0-0: Called Strike
David Kerr is caught stealing 2nd base
0-1: Ball
1-1: Ball
2-1: Swinging Strike
2-2: Strikes out swinging
Bottom of the 2nd over - 0 run(s), 0 hit(s), 1 error(s), 0 left on base; State College 4 - Beaverton 0
TOP OF THE 3RD
State College Spikes batting - Pitching for Beaverton Bronze Souls : RHP Terry Norris
Batting: RHB Mike Ingram 0-0: Swinging Strike
0-1: Ball
1-1: Swinging Strike
1-2: Strikes out looking
Batting: RHB Eric Knight 0-0: Foul Ball, location: 2F
0-1: Foul Ball, location: 2F
0-2: Strikes out swinging
Batting: SHB Thomas Simmons 0-0: Ball
1-0: Called Strike
1-1: Ball
2-1: Swinging Strike
2-2: Strikes out swinging
Top of the 3rd over - 0 run(s), 0 hit(s), 0 error(s), 0 left on base; State College 4 - Beaverton 0
BOTTOM OF THE 3RD
Beaverton Bronze Souls batting - Pitching for State College Spikes : RHP Ron Crawford
Batting: SHB Dawson Fowler 0-0: Ball
1-0: Swinging Strike
1-1: Fly out, F9 (Flyball, 9S)
Batting: RHB Joe Brinkman 0-0: Ball
1-0: Ball
2-0: Ball
3-0: Base on Balls
Batting: RHB Juan Becerra 0-0: Swinging Strike
0-1: Ball
1-1: Swinging Strike
1-2: Ball
2-2: Strikes out looking
Batting: LHB Joel Nelson 0-0: Ball
1-0: Fielders Choice at 2nd, U4 (Groundball, 4M)
Bottom of the 3rd over - 0 run(s), 0 hit(s), 0 error(s), 1 left on base; State College 4 - Beaverton 0
TOP OF THE 4TH
State College Spikes batting - Pitching for Beaverton Bronze Souls : RHP Terry Norris
Batting: RHB Joaquín Vásquez 0-0: SINGLE (Groundball, 56D)
Batting: RHB Alonzo Herrera 0-0: Ball
1-0: SINGLE (Groundball, 5S) (infield hit)
Joaquín Vásquez to second
Batting: RHB Diego Benítez 0-0: Ball
1-0: Swinging Strike
1-1: Swinging Strike
1-2: Fly out, F7 (Line Drive, 7S)
Batting: SHB Greg Butterfield 0-0: Swinging Strike
0-1: Grounds into double play, 6-4-3 (Groundball, 6)
Top of the 4th over - 0 run(s), 2 hit(s), 0 error(s), 1 left on base; State College 4 - Beaverton 0
BOTTOM OF THE 4TH
Beaverton Bronze Souls batting - Pitching for State College Spikes : RHP Ron Crawford
Batting: LHB Luis Aragón 0-0: Ball
1-0: Swinging Strike
1-1: SINGLE (Line Drive, 56D)
Batting: RHB José Fernández 0-0: SINGLE (Line Drive, 6MD)
Luis Aragón to second
Batting: RHB Tom Hughes 0-0: Fly out, F8 (Flyball, 78S)
Batting: RHB David Kerr 0-0: Called Strike
0-1: Foul Ball, location: 2F
0-2: Ball
1-2: DOUBLE (Line Drive, 7LS)
Luis Aragón scores
José Fernández to third
Batting: RHB Carlos Guevara 0-0: Swinging Strike
0-1: Foul Ball, location: 2F
0-2: Foul Ball, location: 2F
0-2: Strikes out swinging
Batting: SHB Dawson Fowler 0-0: Foul Ball, location: 2F
0-1: Ball
Wild Pitch!
José Fernández scores
David Kerr to third
1-1: Foul Ball, location: 2F
1-2: SINGLE (Groundball, 34S) (infield hit)
David Kerr scores
Batting: RHB Joe Brinkman 0-0: Fielders Choice at 2nd, 6-4 (Groundball, 6)
Bottom of the 4th over - 3 run(s), 4 hit(s), 0 error(s), 0 left on base; State College 4 - Beaverton 3
TOP OF THE 5TH
State College Spikes batting - Pitching for Beaverton Bronze Souls : RHP Terry Norris
Batting: RHB Blair Whitehead 0-0: Called Strike
0-1: Ball
1-1: SINGLE (Groundball, 4S) (infield hit)
Batting: RHB Matt Tucker 0-0: Called Strike
0-1: Swinging Strike
0-2: Strikes out looking
Batting: RHB Mike Ingram 0-0: Ball
1-0: Called Strike
1-1: SINGLE (Groundball, 56D)
Blair Whitehead to second
Batting: RHB Eric Knight 0-0: Called Strike
0-1: Foul Ball, location: 2F
0-2: Ball
1-2: Ball
2-2: Ball
3-2: Foul Ball, location: 2F
3-2: Base on Balls
Blair Whitehead to third
Mike Ingram to second
Batting: SHB Thomas Simmons 0-0: Ball
1-0: SINGLE (Groundball, 4D)
Blair Whitehead scores
Mike Ingram to third
Eric Knight to second
Runner from 3rd tries for Home, SAFE, no throw
Pitching: RHP Roberto Deleón
Batting: RHB Joaquín Vásquez 0-0: Called Strike
0-1: Ball
1-1: Ball
2-1: Grounds into double play, 1-6-3 (Groundball, 13)
Top of the 5th over - 2 run(s), 3 hit(s), 0 error(s), 1 left on base; State College 6 - Beaverton 3
BOTTOM OF THE 5TH
Beaverton Bronze Souls batting - Pitching for State College Spikes : RHP Ron Crawford
Batting: RHB Juan Becerra 0-0: Ball
1-0: Fly out, F8 (Flyball, 89S)
Batting: LHB Joel Nelson 0-0: Called Strike
0-1: Ball
1-1: Swinging Strike
1-2: Ball
2-2: Strikes out swinging
Batting: LHB Luis Aragón 0-0: SOLO HOME RUN (Flyball, 9D), Distance : 366 ft
Batting: RHB José Fernández 0-0: Called Strike
0-1: Swinging Strike
0-2: Foul Ball, location: 2F
0-2: Strikes out looking
Bottom of the 5th over - 1 run(s), 1 hit(s), 0 error(s), 0 left on base; State College 6 - Beaverton 4
TOP OF THE 6TH
State College Spikes batting - Pitching for Beaverton Bronze Souls : RHP Roberto Deleón
Batting: RHB Alonzo Herrera 0-0: Called Strike
0-1: Swinging Strike
0-2: Ball
1-2: Foul Ball, location: 2F
1-2: Strikes out swinging
Batting: RHB Diego Benítez 0-0: Called Strike
0-1: Ball
1-1: SINGLE (Line Drive, 7S)
Batting: SHB Greg Butterfield 0-0: Ball
1-0: Ball
2-0: Ball
Wild Pitch!
Diego Benítez to second
3-0: Base on Balls
Batting: RHB Blair Whitehead 0-0: Called Strike
0-1: Grounds into double play, 6-4-3 (Groundball, 56)
Top of the 6th over - 0 run(s), 1 hit(s), 0 error(s), 1 left on base; State College 6 - Beaverton 4
BOTTOM OF THE 6TH
Beaverton Bronze Souls batting - Pitching for State College Spikes : RHP Ron Crawford
Batting: RHB Tom Hughes 0-0: Swinging Strike
0-1: Called Strike
0-2: Ball
1-2: Strikes out swinging
Batting: RHB David Kerr 0-0: SINGLE (Groundball, 56D)
Batting: RHB Carlos Guevara 0-0: Ball
1-0: Called Strike
David Kerr steals 2nd base
1-1: Ball
2-1: Ball
3-1: Ground out 5-3 (Groundball, 5)
Batting: SHB Dawson Fowler 0-0: Called Strike
0-1: Swinging Strike
0-2: Ball
1-2: Foul Ball, location: 2F
1-2: Ground out U3 (Groundball, 3L)
Bottom of the 6th over - 0 run(s), 1 hit(s), 0 error(s), 1 left on base; State College 6 - Beaverton 4
TOP OF THE 7TH
State College Spikes batting - Pitching for Beaverton Bronze Souls : RHP Roberto Deleón
Batting: RHB Matt Tucker 0-0: Ball
1-0: SINGLE (Line Drive, 89M)
Batting: RHB Mike Ingram 0-0: Ball
1-0: Swinging Strike
1-1: Called Strike
1-2: 2-RUN HOME RUN (Flyball, 8LXD), Distance : 423 ft
Pitching: RHP Mike Moyer
Batting: RHB Eric Knight 0-0: Ball
1-0: Ball
2-0: Swinging Strike
2-1: Foul Ball, location: 2F
2-2: Ball
3-2: Base on Balls
Batting: SHB Thomas Simmons 0-0: Called Strike
0-1: SINGLE (Groundball, 56D)
Eric Knight to second
Batting: RHB Joaquín Vásquez 0-0: Ball
1-0: Sac Bunt - play at first, batter OUT! 1-3
Eric Knight to third
Thomas Simmons to second
Batting: RHB Alonzo Herrera 0-0: Hit by Pitch
Batting: RHB Diego Benítez 0-0: Ball
1-0: Grounds into double play, 5-4-3 (Groundball, 5)
Top of the 7th over - 2 run(s), 3 hit(s), 0 error(s), 2 left on base; State College 8 - Beaverton 4
BOTTOM OF THE 7TH
Beaverton Bronze Souls batting - Pitching for State College Spikes : RHP Ron Crawford
Pitching: RHP Tomás Hurtado
Batting: RHB Joe Brinkman 0-0: Called Strike
0-1: Ground out 2-3 (Groundball, 15S)
Batting: RHB Juan Becerra 0-0: Ball
1-0: SINGLE (Groundball, P) (infield hit)
Batting: LHB Joel Nelson 0-0: Called Strike
Juan Becerra is caught stealing 2nd base
0-1: Reached on error, E3 (Groundball, 3)
Batting: LHB Luis Aragón 0-0: 2-RUN HOME RUN (Flyball, 7D), Distance : 385 ft
Batting: RHB José Fernández 0-0: Called Strike
0-1: Called Strike
0-2: SINGLE (Groundball, 56) (infield hit)
Batting: RHB Tom Hughes 0-0: Ball
1-0: Called Strike
1-1: Ball
2-1: Called Strike
Balk!
José Fernández to second
2-2: Ball
3-2: Base on Balls
Pinch Hitting: RHB John Warren 0-0: Called Strike
0-1: Ball
1-1: SINGLE (Line Drive, 34)
José Fernández to third
Tom Hughes to second
Runner from 3rd tries for Home, SAFE, no throw
Pitching: RHP Esteban Garza
Batting: RHB Carlos Guevara 0-0: Foul Ball, location: 2F
0-1: Called Strike
0-2: Foul Ball, location: 2F
0-2: Ball
1-2: Ball
2-2: Foul Ball, location: 2F
2-2: Strikes out swinging
Bottom of the 7th over - 3 run(s), 4 hit(s), 1 error(s), 2 left on base; State College 8 - Beaverton 7
TOP OF THE 8TH
State College Spikes batting - Pitching for Beaverton Bronze Souls : RHP Mike Moyer
Now at SS: Alonso Contreras
Batting: SHB Greg Butterfield 0-0: Called Strike
0-1: Foul Ball, location: 2F
0-2: Foul Ball, location: 2F
0-2: Ball
1-2: Strikes out swinging
Batting: RHB Blair Whitehead 0-0: Ball
1-0: Ball
2-0: Called Strike
2-1: Ball
3-1: Called Strike
3-2: Base on Balls
Pinch Hitting: RHB Nick Harris 0-0: Foul Ball, location: 2F
0-1: Ball
1-1: Foul Ball, location: 2F
1-2: Ball
2-2: Ground out 4-3 (Groundball, 4S)
Blair Whitehead to second
Batting: RHB Mike Ingram 0-0: Called Strike
0-1: DOUBLE (Line Drive, 78D)
Blair Whitehead scores
Batting: RHB Eric Knight 0-0: Ball
1-0: Foul Ball, location: 2F
1-1: Fly out, F9 (Flyball, 89S)
Top of the 8th over - 1 run(s), 1 hit(s), 0 error(s), 1 left on base; State College 9 - Beaverton 7
BOTTOM OF THE 8TH
Beaverton Bronze Souls batting - Pitching for State College Spikes : RHP Esteban Garza
Now at 2B: Vaughan Shelton
Batting: SHB Dawson Fowler 0-0: Called Strike
0-1: DOUBLE (Flyball, 89M)
Pitching: LHP Alberto Ruíz
Batting: RHB Joe Brinkman 0-0: Ground out 1-3 (Groundball, 15S)
Batting: RHB Juan Becerra 0-0: Fly out, F8 (Flyball, 8RM)
Batting: LHB Joel Nelson 0-0: Called Strike
0-1: Fly out, F9 (Flyball, 9)
Bottom of the 8th over - 0 run(s), 1 hit(s), 0 error(s), 1 left on base; State College 9 - Beaverton 7
TOP OF THE 9TH
State College Spikes batting - Pitching for Beaverton Bronze Souls : RHP Mike Moyer
Batting: SHB Thomas Simmons 0-0: Ball
1-0: Ground out 5-3 (Groundball, 56)
Batting: RHB Joaquín Vásquez 0-0: Ball
1-0: Ground out 6-3 (Groundball, 6)
Batting: RHB Alonzo Herrera 0-0: Called Strike
0-1: Ball
1-1: Fly out, F5 (Line Drive, 5)
Top of the 9th over - 0 run(s), 0 hit(s), 0 error(s), 0 left on base; State College 9 - Beaverton 7
BOTTOM OF THE 9TH
Beaverton Bronze Souls batting - Pitching for State College Spikes : LHP Alberto Ruíz
Pitching: RHP Manuel Montoya
Batting: LHB Luis Aragón 0-0: Ball
1-0: Ball
2-0: Ball
3-0: Base on Balls
Batting: RHB José Fernández 0-0: Ball
1-0: Ball
2-0: Ball
3-0: Called Strike
3-1: Called Strike
3-2: Strikes out swinging
Pinch Hitting: LHB Howard Holder 0-0: Called Strike
0-1: Ball
1-1: Ball
2-1: Foul Ball, location: 2F
2-2: Strikes out swinging
Pinch Hitting: SHB Felipe Castro 0-0: Ball
1-0: Called Strike
1-1: Foul Ball, location: 2F
1-2: Ball
2-2: Fielders Choice at 2nd, 4-6 (Groundball, 4)
Bottom of the 9th over - 0 run(s), 0 hit(s), 0 error(s), 0 left on base; State College 9 - Beaverton 7
Thursday, March 30th, 2017 - OOTP Baseball 17.12 Build 75